 Dungeon Crawl Stone Soup version 0.20-a0-507-gc86f373 (webtiles) character file.

179263 Kidiri the Eclecticist (level 17, -2/96 HPs)
             Began as a Deep Elf Fire Elementalist on Jan 21, 2017.
             Was the Champion of Vehumet.
             Killed from afar by a spark wasp (22 damage)
             ... with a living lightning
             ... on level 3 of the Spider Nest.
             The game lasted 02:02:14 (33189 turns).

Kidiri the Eclecticist (DEFE)                      Turns: 33189, Time: 02:02:14

Health: -2/96      AC:  7    Str: 11    XL:     17   Next: 60%
Magic:  7/48       EV: 21    Int: 28    God:    Vehumet [******]
Gold:   529        SH: 13    Dex: 18    Spells: 2/49 levels left

rFire    + . .     SeeInvis .   N - +8 falchion "Hisin" {protect, rPois rC- MP+9}
rCold    x x .     Gourm    .   Q - +1 leather armour of Ykhly {rN+ MR- Regen+ Str+4}
rNeg     + . .     Faith    .   s - +3 buckler
rPois    +         Spirit   .   Y - +1 hat {MR+}
rElec    .         Reflect  +   U - +2 cloak
rCorr    .         Harm     .   K - +0 pair of fencer's gloves {+Riposte Dex+3}
MR       +....     Rnd*Rage +   B - +1 pair of boots
Stlth    ++........             O - +4 amulet of reflection
Regen    0.7/turn               k - ring of fire
                                t - +2 ring of evasion

@: about to teleport, corroded, delayed fireball
A: claws 1, talons 1, icy blue scales 1, berserk 1, blink, screaming 1, shaggy
fur 1, strong 1, no potion heal 1
a: Blink, Renounce Religion, Release Delayed Fireball


You were on level 3 of the Spider Nest.
You worshipped Vehumet.
Vehumet was exalted by your worship.
You were not hungry.

You visited 5 branches of the dungeon, and saw 27 of its levels.
You also visited: Volcano.

You collected 2533 gold pieces.
You spent 2004 gold pieces at shops.

Inventory:

Hand Weapons
 N - the +8 falchion "Hisin" (weapon) {protect, rPois rC- MP+9}
   (You found it on level 9 of the Dungeon)

   It protects the one who uses it against injury (+AC on strike).
   It makes you vulnerable to cold.
   It protects you from poison.
   It affects your magic capacity (+9).
 W - a +9 short sword of draining
Armour
 s - a +3 buckler (worn)
 B - a +1 pair of boots (worn)
 K - the +0 pair of fencer's gloves (worn) {+Riposte Dex+3}
   (You found it on level 5 of the Lair of Beasts)

   It affects your dexterity (+3).
 Q - the +1 leather armour of Ykhly (worn) {rN+ MR- Regen+ Str+4}
   (You found it on level 1 of the Lair of Beasts)

   It affects your strength (+4).
   It protects you from negative energy.
   It affects your resistance to hostile enchantments.
   It increases your rate of regeneration.
 U - a +2 cloak (worn)
 Y - a +1 hat of magic resistance (worn)
Jewellery
 k - a ring of fire (right hand)
 t - a +2 ring of evasion (left hand)
 u - an uncursed ring of resist corrosion
 O - a +4 amulet of reflection (around neck)
 T - an uncursed ring of see invisible
Wands
 b - a wand of iceblast (7/15)
 d - a wand of digging (5/24)
 f - a wand of flame (27/48)
 j - a wand of enslavement (12/24)
 p - a wand of polymorph (18/24)
 x - a wand of acid (3/15)
 y - a wand of confusion (8/48)
 R - a wand of lightning (6/15)
Scrolls
 a - 2 scrolls of magic mapping
 e - 18 scrolls of teleportation
 g - 2 scrolls of amnesia
 F - a scroll of summoning
 J - 8 scrolls of remove curse
 L - 5 scrolls of immolation
 M - 5 scrolls of recharging
 S - a scroll of blinking
 V - 2 scrolls of fog
Potions
 m - 3 potions of curing
 n - 2 potions of cancellation
 o - 8 potions of brilliance
 q - 4 potions of ambrosia
 r - 3 potions of flight
 v - 2 potions of cure mutation
 w - 3 potions of agility
 z - 4 potions of might
 A - 2 potions of magic
 C - a potion of haste
 D - 2 potions of lignification
 I - 5 potions of resistance
Books
 i - Roxanne's Papyrus of Shape Shifting
   (You took it off Roxanne on level 1 of the Spider Nest)

   Spells                             Type                      Level
   a - Passwall                       Transmutation/Earth          2
   b - Ignite Poison                  Fire/Transmutation/Poison    3
   c - Spider Form                    Transmutation/Poison         3
   d - Blade Hands                    Transmutation                5
   e - Statue Form                    Transmutation/Earth          6
 l - a book of Clouds

   Spells                             Type                      Level
   a - Poisonous Vapours              Poison/Air                   2
   b - Mephitic Cloud                 Conjuration/Poison/Air       3
   c - Conjure Flame                  Conjuration/Fire             3
   d - Freezing Cloud                 Conjuration/Ice/Air          6
   e - Ring of Flames                 Charms/Fire                  7
Comestibles
 c - 13 bread rations
 h - 6 royal jellies
 E - 14 meat rations
 G - 2 chunks of flesh


   Skills:
 + Level 7.6 Fighting
 + Level 7.8 Short Blades
 + Level 7.2 Armour
 - Level 10.0 Dodging
 - Level 2.6 Stealth
 - Level 6.8 Shields
 * Level 16.9 Spellcasting
 + Level 11.0 Conjurations
 + Level 11.0 Fire Magic
 + Level 8.8 Ice Magic
 + Level 7.2 Air Magic
 + Level 8.8 Earth Magic
 + Level 8.4 Poison Magic
 + Level 9.3 Evocations


You had 2 spell levels left.
You knew the following spells:

 Your Spells              Type           Power        Failure   Level  Hunger
a - Flame Tongue          Conj/Fire      #####        1%          1    None
b - Throw Flame           Conj/Fire      ######       1%          2    None
c - Conjure Flame         Conj/Fire      #######.     1%          3    None
d - Inner Flame           Hex/Fire       ######..     1%          3    None
e - Sticky Flame          Conj/Fire      #######.     1%          4    None
f - Fireball              Conj/Fire      #######...   1%          5    None
g - Bolt of Magma         Conj/Fire/Erth #######...   1%          5    None
h - Delayed Fireball      Conj/Fire      N/A          7%          7    #####..
i - Throw Frost           Conj/Ice       ######       1%          2    None
j - Mephitic Cloud        Conj/Pois/Air  ######..     1%          3    None
k - Lightning Bolt        Conj/Air       ######....   1%          5    None
l - Lee's Rapid Deconstr  Erth           ######....   1%          5    None
m - Ring of Flames        Chrm/Fire      ######....   99%         7    #####..


Dungeon Overview and Level Annotations

Branches:
Dungeon (15/15)            Temple (1/1) D:6            Lair (6/6) D:10
 Shoals (0/4) Lair:4       Spider (3/4) Lair:4        Slime (0/5) Lair:6
    Orc (2/2) D:9             Elf (0/3) Orc:2        Vaults (0/5) D:14
 Depths (0/5) D:15

Altars:
Ashenzari
Cheibriados
Dithmenos
Elyvilon
Fedhas
Gozag
Hepliaklqana
Kikubaaqudgha
Makhleb
Nemelex Xobeh
Okawaru
Qazlal
Ru
Sif Muna
Trog
Uskayaw
Vehumet
Xom
Yredelemnul
Zin
The Shining One
Beogh
Jiyva

Shops:
D:4 ?   D:10 =   D:12 *   D:14 *   Orc:2 (!:!

Portals:
Pandemonium: Orc:2
Trove: D:10 (give 4 potions of resistance)

Annotations:
D:14 1 runed door


Innate Abilities, Weirdness & Mutations

You have sharp fingernails.
You have sharp toenails.
You are partially covered in icy blue scales. (AC +2)
You tend to lose your temper in combat.
You can translocate small distances at will.
You occasionally shout uncontrollably at your foes.
You are covered in fur. (AC +1)
Your muscles are strong. (Str +2)
Potions are less effective at restoring your health.


Message History

You feel strangely unstable.
The entropy weaver burns!
Unknown command.
Okay, then.
Unknown command.
The entropy weaver burns!
Unknown command.
Casting: Sticky Flame
Confirm with . or Enter, or press ? or * to list all spells.
Aiming: Sticky Flame
Press: ? - help, Shift-Dir - straight line, f/p - entropy weaver
Aim: an entropy weaver (heavily wounded, covered in liquid flames)
You feel a surge of power!
The sticky flame hits the entropy weaver.
The entropy weaver is severely wounded.
The entropy weaver is covered in liquid flames!
The entropy weaver burns!
The spark wasp seems to regain its courage.
The spark wasp bursts into living lightning!
The living lightning hits you!
You die...

....(..^......$(... ###
^.(#8#....!..#^#..######..#
#s.(..†.....^.?(...##.#...##
..#.#.........#.#..........#
..............^(..........##
...#.#E(.#...#.#..%......##
... :..#(..#..!.E...######
.#. (#...#.^(#(.†.......#
.#.(..@a^....^#
........s......#
....#.#%.)†..s## ###
y(.....##.^....## ##.##
!....## ###...^s###...##
.(##### ##..###..<...# #
#..### #^...##....##
#....####.^.(^.....##
#.>....##..##^...####


You could see an entropy weaver (burning), a spark wasp (fleeing), an earth
elemental and 2 redbacks.

Vanquished Creatures
  Gastronok (Orc:1)
  Roxanne (Spider:1)
  A ghost moth (Spider:1)
  An orc warlord (Orc:1)
  A stone giant (Orc:2)
  2 entropy weavers (Spider:2)
  A dire elephant (D:15)
  Snorg (Lair:5)
  Erolcha (D:9)
  An ogre mage (Volcano)
  7 hydras
  3 catoblepae
  3 centaur warriors
  14 two-headed ogres
  3 death yaks
  Urug (Lair:2)
  A tengu warrior (D:15)
  8 orc high priests (Orc:2)
  A sun demon (Orc:2)
  A fire crab (shapeshifter) (D:13)
  A hell knight (Volcano)
  4 unseen horrors
  A torturous demonspawn (Orc:2)
  2 infernal demonspawn (Orc:2)
  6 orc knights (Orc:2)
  A wolf spider zombie (D:14)
  A necromancer (D:14)
  7 orc sorcerers (Orc:2)
  15 wolf spiders
  A deep elf mage (D:13)
  An oklob plant (Lair:5)
  10 orb spiders
  A salamander (D:15)
  5 ugly things
  A cyclops (D:11)
  Maurice (D:9)
  2 moths of wrath
  12 elephants
  2 manticores
  3 black mambas
  Joseph (D:7)
  Psyche (D:9)
  13 spiny frogs
  5 centaur skeletons
  4 gargoyles
  2 kobold demonologists
  A torpor snail (Spider:2)
  An efreet (D:15)
  2 rime drakes
  2 freezing wraiths
  4 yaktaurs (D:15)
  10 demonic crawlers
  4 komodo dragons
  13 trolls
  A queen bee (shapeshifter) (D:14)
  24 jumping spiders
  3 meliai (Lair:4)
  10 polar bears (Lair:6)
  A queen bee (Lair:4)
  A hornet (Spider:2)
  24 blink frogs
  3 slime creatures (D:14)
  4 dream sheep (Lair:4)
  A raiju (Lair:6)
  8 hippogriffs
  14 tarantellas
  68 redbacks
  A vampire (D:15)
  A ynoxinul (Orc:2)
  3 shadows
  A human (D:8)
  Eustachio (D:6)
  4 wraiths
  4 wyverns
  43 yaks
  6 basilisks
  4 hogs (D:8)
  2 hungry ghosts
  A soldier ant (D:15)
  7 wargs
  12 water moccasins
  18 hell hounds
  7 porcupines
  Duvessa (D:5)
  An eye of draining (D:11)
  5 ice beasts
  46 orc warriors
  6 sky beasts
  14 black bears
  A necrophage (D:11)
  19 wolves
  11 ogres
  A phantom (D:11)
  8 centaurs
  11 crocodiles
  16 big kobolds
  21 bullfrogs
  A gnoll sergeant (D:10)
  3 earth elementals (Spider:3)
  Dowan (D:5)
  4 scorpions
  35 killer bees
  3 electric eels (Lair:6)
  8 jellies
  5 howler monkeys
  6 crimson imps
  A lava snake (D:8)
  3 quasits
  9 hounds
  5 centaur zombies
  26 orc priests
  3 bullfrog skeletons
  A bullfrog zombie (D:9)
  4 iguanas
  30 orc wizards
  10 worker ants
  A killer bee zombie (D:10)
  A hound zombie (D:7)
  A hound skeleton (D:4)
  2 worker ant zombies
  9 adders
  5 gnolls (D:10)
  A howler monkey skeleton (D:10)
  2 shadow imps
  5 oozes
  An adder zombie (D:7)
  An adder skeleton (D:4)
  5 worms
  2 dart slugs
  2 leopard geckos (D:3)
  115 orcs
  6 giant cockroaches
  5 goblins
  9 hobgoblins
  11 jackals
  27 kobolds
  A quokka (D:7)
  A ball python skeleton (D:4)
  6 bats
  8 frilled lizards
  A leopard gecko zombie (D:5)
  2 quokka skeletons
  A quokka zombie (D:11)
  5 rats
  3 plants (Lair:6)
1028 creatures vanquished.

Vanquished Creatures (others)
  An orb spider (Spider:3)
  A yaktaur (D:15)
  A tarantella (Spider:3)
  2 orc warriors
  A centaur (D:15)
  A bullfrog (D:15)
  A kobold (D:13)
  A quokka (D:3)
  13 fungi
  11 plants
33 creatures vanquished.

Grand Total: 1061 creatures vanquished

Notes
Turn   | Place    | Note
-------+----------+-------------------------------------------
     0 | D:1      | Kidiri the Deep Elf Fire Elementalist began the quest for the Orb.
     0 | D:1      | Reached XP level 1. HP: 10/10 MP: 6/6
    55 | D:1      | Reached XP level 2. HP: 15/15 MP: 4/8
    59 | D:1      | Learned a level 2 spell: Throw Flame
   693 | D:1      | Reached XP level 3. HP: 19/19 MP: 5/9
   698 | D:1      | Learned a level 3 spell: Conjure Flame
  1427 | D:2      | Learned a level 3 spell: Inner Flame
  1446 | D:2      | Reached XP level 4. HP: 24/24 MP: 7/11
  1668 | D:2      | Reached skill level 4 in Spellcasting
  2203 | D:3      | Noticed an ogre
  2211 | D:3      | Killed an ogre
  2211 | D:3      | Reached skill level 5 in Spellcasting
  2211 | D:3      | Reached XP level 5. HP: 28/28 MP: 3/14
  2217 | D:3      | Learned a level 4 spell: Sticky Flame
  2547 | D:3      | Found a white marble altar of Elyvilon.
  3086 | D:4      | Found a sparkling altar of Nemelex Xobeh.
  3121 | D:4      | Found a deep blue altar of Sif Muna.
  3277 | D:4      | Reached skill level 6 in Spellcasting
  3277 | D:4      | Reached XP level 6. HP: 25/32 MP: 17/17
  3282 | D:4      | Found Potaeluf's Magic Scroll Shoppe.
  3293 | D:4      | Reached skill level 5 in Fire Magic
  3301 | D:4      | Bought a scroll of identify for 28 gold pieces
  3301 | D:4      | Bought a scroll of identify for 28 gold pieces
  3679 | D:5      | Entered Level 5 of the Dungeon
  3875 | D:5      | Noticed Duvessa
  4139 | D:5      | Noticed a sky beast
  4155 | D:5      | Killed a sky beast
  4155 | D:5      | Reached skill level 7 in Spellcasting
  4251 | D:5      | Reached XP level 7. HP: 36/36 MP: 10/19
  4258 | D:5      | Learned a level 5 spell: Fireball
  4478 | D:5      | Noticed Dowan
  4487 | D:5      | Killed Duvessa
  4492 | D:5      | Killed Dowan
  4492 | D:5      | Reached skill level 8 in Spellcasting
  4834 | D:6      | Found a staircase to the Ecumenical Temple.
  4865 | Temple   | Entered the Ecumenical Temple
  4923 | Temple   | Became a worshipper of Vehumet
  4986 | D:6      | Reached skill level 1 in Evocations
  4990 | D:6      | Noticed Eustachio
  4992 | D:6      | HP: 1/37 [acid (9)]
  5303 | D:6      | Reached skill level 1 in Armour
  5313 | D:6      | Killed Eustachio
  5313 | D:6      | Reached skill level 1 in Fighting
  5313 | D:6      | Reached skill level 1 in Short Blades
  5313 | D:6      | Reached XP level 8. HP: 43/43 MP: 13/22
  5502 | D:6      | Reached skill level 5 in Conjurations
  5532 | D:6      | Reached skill level 1 in Shields
  5532 | D:6      | Reached skill level 9 in Spellcasting
  6341 | D:7      | Noticed Joseph
  6359 | D:7      | Killed Joseph
  6359 | D:7      | Reached XP level 9. HP: 10/48 MP: 5/24
  6526 | D:7      | Found an iron altar of Okawaru.
  6743 | D:7      | Reached * piety under Vehumet
  6743 | D:7      | Offered knowledge of Freeze by Vehumet.
  6765 | D:7      | Learned a level 1 spell: Freeze
  6854 | D:7      | Found a bloodstained altar of Trog.
  6854 | D:7      | Found a shimmering altar of Xom.
  6854 | D:7      | Found an ancient bone altar of Kikubaaqudgha.
  7364 | D:8      | Noticed a two-headed ogre
  7369 | D:8      | Killed a two-headed ogre
  7369 | D:8      | Reached skill level 1 in Ice Magic
  7563 | D:8      | Reached skill level 10 in Spellcasting
  8172 | D:8      | Found a roughly hewn altar of Beogh.
  8251 | D:8      | Reached XP level 10. HP: 47/56 MP: 23/26
  8258 | D:8      | Reached skill level 5 in Dodging
  8647 | D:9      | Noticed Erolcha
  8655 | D:9      | Paralysed by Erolcha for 6 turns
  8661 | D:9      | Killed Erolcha
  8965 | D:9      | Noticed Maurice
  8983 | D:9      | Killed Maurice
  8983 | D:9      | Reached ** piety under Vehumet
  8983 | D:9      | Offered knowledge of Sandblast by Vehumet.
  8988 | D:9      | Learned a level 1 spell: Sandblast
  9051 | D:9      | Noticed Psyche
  9061 | D:9      | Killed Psyche
  9065 | D:9      | Reached skill level 11 in Spellcasting
  9157 | D:9      | Found a staircase to the Orcish Mines.
  9192 | D:9      | Got an encrusted falchion
  9193 | D:9      | Identified the +8 falchion "Hisin" {protect, rPois rC- MP+9} (You found it on level 9 of the Dungeon)
  9283 | D:9      | Reached skill level 1 in Earth Magic
  9292 | D:9      | Found a shimmering altar of Xom.
  9293 | D:9      | Found a shimmering altar of Xom.
  9293 | D:9      | Found a shimmering altar of Xom.
  9293 | D:9      | Found a shimmering altar of Xom.
  9580 | D:9      | Noticed a soul eater
  9580 | D:9      | Offered knowledge of Throw Frost by Vehumet.
  9594 | D:9      | Reached XP level 11. HP: 43/60 MP: 14/28
  9598 | D:9      | Learned a level 2 spell: Throw Frost
  9857 | D:10     | Entered Level 10 of the Dungeon
  9863 | D:10     | Found Laekhlugg's Jewellery Boutique.
  9878 | D:10     | Reached *** piety under Vehumet
  9883 | D:10     | Found a bloodstained altar of Trog.
  9887 | D:10     | Bought a +4 amulet of reflection for 378 gold pieces
  9917 | D:10     | Found a staircase to the Lair.
 10098 | D:10     | Gained mutation: You are robust. (+10% HP) [mutagenic meat]
 10099 | D:10     | Gained mutation: You are resistant to hostile enchantments. (MR+) [mutagenic meat]
 10100 | D:10     | Gained mutation: You can translocate small distances at will. [mutagenic meat]
 10239 | D:10     | Offered knowledge of Fulminant Prism by Vehumet.
 10410 | D:10     | Reached skill level 5 in Evocations
 10494 | D:10     | Reached **** piety under Vehumet
 10674 | D:10     | Found a portal to a secret trove of treasure.
 10991 | Lair:1   | Entered Level 1 of the Lair of Beasts
 11047 | Lair:1   | Offered knowledge of Mephitic Cloud by Vehumet.
 11052 | Lair:1   | Learned a level 3 spell: Mephitic Cloud
 11220 | Lair:1   | Reached skill level 12 in Spellcasting
 11530 | Lair:1   | Reached skill level 5 in Short Blades
 11541 | Lair:1   | Got a faintly glowing leather armour
 11552 | Lair:1   | Identified the cursed +1 leather armour of Ykhly {rN+ MR- Regen+ Str+4} (You found it on level 1 of the Lair of Beasts)
 11574 | Lair:1   | Reached skill level 1 in Poison Magic
 11736 | Lair:1   | Reached skill level 1 in Air Magic
 11892 | Lair:2   | Noticed Urug
 12028 | Lair:2   | Reached XP level 12. HP: 73/73 MP: 30/30
 12143 | Lair:2   | Reached ***** piety under Vehumet
 12274 | Lair:2   | Offered knowledge of Lightning Bolt by Vehumet.
 12281 | Lair:2   | Learned a level 5 spell: Lightning Bolt
 12463 | Lair:2   | Killed Urug
 12852 | Lair:3   | Noticed an eight-headed hydra
 12858 | Lair:3   | Killed an eight-headed hydra
 13546 | Lair:3   | Reached skill level 5 in Fighting
 13817 | Lair:3   | Reached skill level 13 in Spellcasting
 13893 | Lair:3   | Reached skill level 5 in Ice Magic
 14365 | Lair:4   | Found a hole to the Spider Nest.
 14383 | Lair:4   | Noticed an eight-headed hydra
 14386 | Lair:4   | Killed an eight-headed hydra
 14407 | Lair:4   | Found a staircase to the Shoals.
 14776 | Lair:4   | Noticed a death yak
 14776 | Lair:4   | Noticed a death yak
 14777 | Lair:4   | Noticed a death yak
 14788 | Lair:4   | Reached XP level 13. HP: 78/79 MP: 32/32
 14794 | Lair:4   | Reached skill level 5 in Earth Magic
 15073 | Lair:4   | Reached skill level 5 in Armour
 15225 | Lair:4   | Reached skill level 5 in Shields
 15737 | Lair:5   | Noticed Snorg
 16054 | Lair:5   | Offered knowledge of Bolt of Magma by Vehumet.
 16061 | Lair:5   | Learned a level 5 spell: Bolt of Magma
 16396 | Lair:5   | Killed Snorg
 17114 | Lair:6   | Entered Level 6 of the Lair of Beasts
 17147 | Lair:6   | Found a viscous altar of Jiyva.
 17148 | Lair:6   | Found a staircase to the Slime Pits.
 17190 | Lair:6   | Found a dark tunnel.
 17195 | Volcano  | Entered a volcano
 17211 | Volcano  | Paralysed by an ogre mage for 6 turns
 17224 | Volcano  | Found a radiant altar of Vehumet.
 17427 | Volcano  | Reached skill level 14 in Spellcasting
 17569 | Lair:6   | Reached skill level 5 in Poison Magic
 18121 | Lair:5   | Reached XP level 14. HP: 76/86 MP: 30/34
 18476 | Lair:6   | Learned a level 5 spell: Lee's Rapid Deconstruction
 18558 | Lair:6   | Gained mutation: Your muscles are strong. (Str +2) [potion of beneficial mutation]
 19154 | Lair:6   | Offered knowledge of Conjure Ball Lightning by Vehumet.
 19528 | Lair:6   | Reached skill level 5 in Air Magic
 20250 | Orc:1    | Entered Level 1 of the Orcish Mines
 20363 | Orc:2    | Entered Level 2 of the Orcish Mines
 20363 | Orc:2    | Noticed a stone giant
 20700 | Orc:2    | Noticed an orc warlord
 20703 | Orc:2    | Killed a stone giant
 20838 | Orc:1    | Killed an orc warlord
 21159 | Orc:2    | Offered knowledge of Iskenderun's Battlesphere by Vehumet.
 21498 | Orc:2    | Found Jeckaem's Distillery.
 21504 | Orc:2    | Found Muive's Distillery.
 21810 | Orc:2    | Bought a potion of experience for 700 gold pieces
 21811 | Orc:2    | Reached skill level 15 in Spellcasting
 21811 | Orc:2    | Reached skill level 10 in Fire Magic
 21811 | Orc:2    | Reached XP level 15. HP: 92/92 MP: 36/36
 22011 | Orc:2    | Found a staircase to the Elven Halls.
 22608 | Orc:2    | Reached XP level 16. HP: 91/99 MP: 5/37
 23013 | Orc:2    | Found Gazoas's Book Shop.
 23013 | Orc:2    | Found Rehu's Antique Weapon Boutique.
 23014 | Orc:2    | Found a one-way gate leading to the halls of Pandemonium.
 23239 | Orc:1    | Noticed Gastronok
 23313 | Orc:1    | Offered knowledge of Delayed Fireball by Vehumet.
 23321 | Orc:1    | Killed Gastronok
 23962 | D:11     | Gained mutation: You are clumsy. (Dex -2) [mutagenic meat]
 23963 | D:11     | Gained mutation: You regenerate slowly when monsters are visible. [mutagenic meat]
 23964 | D:11     | Gained mutation: Your muscles are very strong. (Str +4) [mutagenic meat]
 23965 | D:11     | Gained mutation: You have sharp toenails. [mutagenic meat]
 24423 | D:11     | Learned a level 7 spell: Delayed Fireball
 24610 | D:12     | Found Koerghunk's General Store.
 24875 | D:12     | Gained mutation: You are partially covered in slimy green scales. (AC +2) [mutagenic meat]
 24906 | D:12     | Identified the Tome of Lucky Heat
 25084 | D:12     | Identified the Tome of Unholy Intoxication
 25375 | D:12     | Reached skill level 10 in Conjurations
 25769 | Orc:2    | Bought a book of Clouds for 810 gold pieces
 26508 | D:13     | Lost mutation: You regenerate slowly when monsters are visible. [mutagenic meat]
 26755 | D:13     | Reached ****** piety under Vehumet
 27368 | D:14     | Found a runed door.
 27368 | D:14     | Noticed a tengu reaver
 27436 | D:14     | Found Minwelav's General Store.
 27444 | D:14     | Bought a potion of heal wounds for 60 gold pieces
 27826 | D:14     | Found a gate to the Vaults.
 27984 | D:14     | Gained mutation: Potions are less effective at restoring your health. [mutagenic meat]
 27985 | D:14     | Gained mutation: You are covered in fur. (AC +1) [mutagenic meat]
 27987 | D:14     | Lost mutation: You are robust. (+10% HP) [mutagenic meat]
 28124 | D:14     | Reached skill level 16 in Spellcasting
 28132 | D:14     | Reached skill level 10 in Dodging
 28492 | D:15     | Entered Level 15 of the Dungeon
 28503 | D:14     | Learned a level 7 spell: Ring of Flames
 28634 | D:15     | Gained mutation: You occasionally shout uncontrollably at your foes. [mutagenic meat]
 28713 | D:14     | Offered knowledge of Poison Arrow by Vehumet.
 28757 | D:14     | Lost mutation: You are partially covered in slimy green scales. (AC +2) [mutagenic meat]
 28759 | D:14     | Lost mutation: Your muscles are very strong. (Str +4) [mutagenic meat]
 28761 | D:14     | Lost mutation: You are clumsy. (Dex -2) [mutagenic meat]
 28762 | D:14     | Gained mutation: You tend to lose your temper in combat. [mutagenic meat]
 29022 | D:15     | Found a staircase to the Depths.
 29112 | D:15     | Found a blossoming altar of Fedhas.
 29524 | Spider:1 | Entered Level 1 of the Spider Nest
 29543 | Spider:1 | Gained mutation: You have sharp fingernails. [potion of mutation]
 29881 | Spider:1 | Reached XP level 17. HP: 96/96 MP: 16/39
 30146 | Spider:1 | Noticed Roxanne
 30225 | Spider:1 | Killed Roxanne
 30231 | Spider:1 | Identified Roxanne's Papyrus of Shape Shifting (You took it off Roxanne on level 1 of the Spider Nest)
 31114 | Spider:2 | Offered knowledge of Ozocubu's Refrigeration by Vehumet.
 32261 | Spider:3 | Gained mutation: You are partially covered in icy blue scales. (AC +2) [potion of mutation]
 32261 | Spider:3 | Lost mutation: You are resistant to hostile enchantments. (MR+) [potion of mutation]
 33189 | Spider:3 | Killed from afar by a spark wasp

Vault maps used:
D:1:      erik_arrival_gehennom, minmay_pentomino_o2
D:3:      elyvilon_altar_4, minmay_misc_feat_cross, lightli_corner_chamber
D:4:      nemelex_xobeh_ov_fountains_minmay, kennysheep_little_box,
          serial_shops, shop_fountains, first_bread
D:5:      uniq_duvessa
D:6:      uniq_eustachio
D:7:      minitemple, okawaru_ov_weapons_minmay, uniq_joseph
D:8:      kennysheep_pointless_box, grunt_livestock, david_defended_altar_orc
D:9:      orc_0_dummy, special_room, xom_redecorated, uniq_maurice,
          uniq_erolcha, uniq_psyche
D:10:     minmay_lair_entry_lava, basic_altar, serial_shops,
          nicolae_shop_waterfront, enter_trove_3, minivault_22,
          item_on_display_b
D:12:     serial_shops, shop
D:14:     minmay_gate_of_8, david_vaults_1, serial_shops, shop
D:15:     hangedman_depths_entry_try_elsewhere_first, fedhas_altar_2
Temple:   eino_temple_lava
Lair:1:   minivault_27
Lair:2:   uniq_urug
Lair:3:   serial_bayou_shore_b, infiniplex_staircase_pool_2,
          serial_bayou_shore_b
Lair:4:   elwin_shoals_entry_rocks, nicolae_spider_entry_non_spiders,
          special_room
Lair:5:   uniq_snorg
Lair:6:   hangedman_lair_caniforms_friends, slime_altar_1, enter_volcano_4,
          serial_bayou_lake_a
Spider:1: uniq_roxanne
Spider:2: hangedman_spider_tarantella_strand
Spider:3: hangedman_stitches_earthworm
Orc:1:    uniq_gastronok
Orc:2:    pf_orc_diabolical
Volcano:  kennysheep_volcano_temple

Skill      XL: |  1  2  3  4  5  6  7  8  9 10 11 12 13 14 15 16 17 |
---------------+----------------------------------------------------+-----
Fire Magic     | 4 5 6 7 8 9 10 11 | 11.0
Conjurations   | 2 3 4 5 6 7 8 9 10 11 | 11.0
Spellcasting   | 5 6 7 8 9 10 11 12 13 14 15 16 | 16.9
Evocations     | 1 2 3 4 5 6 7 8 9 |  9.3
Armour         | 1 2 3 4 5 6 7 |  7.2
Fighting       | 1 2 3 4 5 6 7 |  7.6
Short Blades   | 1 2 3 4 5 6 7 |  7.8
Dodging        | 3 4 5 6 7 8 9 10 | 10.0
Shields        | 1 2 3 4 5 6 |  6.8
Ice Magic      | 2 3 4 5 7 8 |  8.8
Earth Magic    | 2 4 5 7 8 |  8.8
Poison Magic   | 1 3 5 6 7 8 |  8.4
Air Magic      | 1 3 4 5 6 7 |  7.2
Stealth        | |  2.6

Action                   |  1- 3 |  4- 6 |  7- 9 | 10-12 | 13-15 | 16-18 || total
-------------------------+-------+-------+-------+-------+-------+-------++-------
Melee: Unarmed           |     4 |       |       |       |       |       ||     4
       Short sword       |       |   101 |   151 |    40 |       |       ||   292
       Falchion          |       |       |       |   226 |   266 |   427 ||   919
 Cast: Flame Tongue      |    70 |    25 |    47 |   154 |    49 |    62 ||   407
       Conjure Flame     |       |     2 |     4 |    14 |     1 |     5 ||    26
       Sticky Flame      |       |     7 |    28 |    78 |   122 |    77 ||   312
       Throw Flame       |       |     2 |     4 |    36 |    13 |    21 ||    76
       Inner Flame       |       |     1 |     1 |    19 |       |     7 ||    28
       Fireball          |       |       |     1 |     9 |    38 |    28 ||    76
       Freeze            |       |       |       |     2 |       |       ||     2
       Throw Frost       |       |       |       |    27 |    45 |    10 ||    82
       Lightning Bolt    |       |       |       |    26 |    46 |    49 ||   121
       Mephitic Cloud    |       |       |       |     1 |     5 |       ||     6
       Bolt of Magma     |       |       |       |       |    91 |   193 ||   284
       Delayed Fireball  |       |       |       |       |       |     1 ||     1
       Lee's Rapid Decon |       |       |       |       |       |     5 ||     5
 Abil: Blink             |       |       |       |       |    16 |    10 ||    26
Evoke: Wand              |       |       |     6 |     1 |       |     3 ||    10
  Use: Scroll            |     6 |     9 |     7 |     4 |    11 |    16 ||    53
       Potion            |       |       |       |     2 |     7 |     9 ||    18
 Stab: Sleeping          |       |     4 |     2 |     2 |       |     7 ||    15
       Confused          |       |       |       |       |     6 |       ||     6
       Fleeing           |       |       |       |       |     1 |       ||     1
       Distracted        |       |       |       |       |       |     1 ||     1
  Eat: Chunk             |       |    10 |    15 |    25 |    20 |    31 ||   101
       Fruit             |       |       |       |     1 |    12 |     6 ||    19
       Royal jelly       |       |       |       |       |       |    11 ||    11
Armor: Robe              |     5 |    18 |    47 |    49 |     4 |       ||   123
       Leather armour    |       |       |       |    15 |    98 |   180 ||   293
Dodge: Dodged            |    32 |    73 |   129 |   235 |   347 |   527 ||  1343
Block: Buckler           |       |       |       |   149 |   307 |   421 ||   877
       Reflection        |       |       |       |     7 |     9 |    16 ||    32
       Rpst.: Falchion   |       |       |       |    74 |   145 |   253 ||   472
